Map: Prion Terraces

Players

Miszu - Winner!

  • Race: Terran Terran
  • League: Grandmaster

IIIIIIIIIIII

  • Race: Zerg Zerg
  • League: Master

VOD

Have the link to the VOD?

Description

Time

  • Played on: Feb. 19, 2016, 5:36 p.m.
  • Length: 7:50
Show
View Real Time Build Order
Export as new Build Order

Miszu Terran - Winner!

Build Orders: MMM Bio 

Get SALT Encoding   

  12  0:01  SCV  
  13  0:13  SCV  
  14  0:17  Supply Depot  
  14  0:25  SCV  
  15  0:39  SCV  
  15  0:41  Barracks  
  16  0:45  Refinery  
  16  0:51  SCV  
  17  1:03  SCV  
  18  1:05  Barracks  
  18  1:15  SCV  
  19  1:27  SCV  
  19  1:31  Reaper  
  19  1:32  Barracks  
  21  1:39  Orbital Command  
  21  1:47  Supply Depot  
  21  1:52  Reaper  
  22  2:05  SCV  
  22  2:07  Refinery  
  24  2:08  Reaper  
  24  2:20  SCV  
  25  2:23  Reaper  
  26  2:32  SCV  
  27  2:40  Reaper  
  27  2:42  Command Center  
  28  2:44  SCV  
  28  2:47  Supply Depot  
  29  2:56  SCV  
  30  3:00  Reaper  
  31  3:08  SCV  
  31  3:11  Reaper  
  32  3:23  Reaper  
  32  3:24  SCV  
  34  3:27  Command Center  
  34  3:38  SCV  
  35  3:42  Supply Depot  
  35  3:47  Barracks Tech Lab  
  35  3:48  Barracks Reactor  
  35  3:54  Orbital Command  
  36  3:55  SCV  
  36  4:00  Barracks Tech Lab  
  36  4:07  SCV  
  35  4:11  Marine  
  36  4:17  Stimpack  
  36  4:19  SCV x2  
  36  4:23  Marine, Combat Shields  
  39  4:27  Marine  
  39  4:28  Marine  
  39  4:29  Marine  
  42  4:31  SCV  
  42  4:32  SCV  
  42  4:33  Refinery x2  
  44  4:39  Factory  
  44  4:41  Marine  
  44  4:42  Orbital Command  
  44  4:43  SCV  
  44  4:44  SCV  
  44  4:45  Marine  
  48  4:46  Marine  
  48  4:49  Marine  
  50  4:56  SCV x2  
  50  4:59  Marine  
  53  5:02  Marine  
  53  5:04  Marine  
  53  5:07  Marine, Orbital Command  
  55  5:08  SCV x2  
  55  5:13  Engineering Bay  
  58  5:14  Engineering Bay  
  58  5:20  Barracks  
  58  5:21  Barracks  
  58  5:25  Marine x2  
  58  5:26  Marine x2  
  61  5:29  Factory Reactor  
  61  5:30  Starport  
  61  5:32  SCV  
  61  5:34  SCV  
  63  5:36  SCV  
  64  5:43  Marine, Terran Infantry Armor Level 1  
  64  5:45  Terran Infantry Weapons Level 1  
  65  5:57  Marine x2  
  63  5:58  Marine  
  63  6:01  Marine  
  63  6:03  SCV x3  
  68  6:10  Supply Depot, Barracks Reactor x2  
  68  6:11  Supply Depot  
  68  6:14  Marine, Factory Reactor  
  68  6:15  Marine, Medivac x2, SCV x2  
  68  6:16  Marine  
  77  6:19  Missile Turret  
  77  6:21  Missile Turret  
  77  6:23  Missile Turret  
  77  6:26  Missile Turret  
  77  6:32  SCV x3  
  80  6:33  Supply Depot  
  80  6:34  Marine x2  
  80  6:35  Supply Depot, Marine  
  83  6:40  Armory  
  83  6:42  Marine  
  83  6:44  SCV x3, Concussive Shells  
  87  6:48  Medivac  
  87  6:49  Medivac  
  87  6:50  Widow Mine  
  93  6:54  Widow Mine  
  93  6:55  Marine  
  93  6:56  Marine, SCV x2  
  93  6:57  Marine  
  98  7:03  Marine  
  98  7:04  Marine x3  
  98  7:06  Marine  
  103  7:13  Marine  
  103  7:14  Marine  
  103  7:15  Marine  
  101  7:21  Marine  
  101  7:22  Marine x3  
  104  7:24  Marine  
  103  7:31  Marine  
  103  7:32  Marine  
Show
View Real Time Build Order
Export as new Build Order

IIIIIIIIIIII Zerg 

Build Orders: Pool First 

Get SALT Encoding   

  12  0:00  Drone  
  13  0:12  Overlord  
  13  0:17  Drone  
  14  0:30  Drone  
  14  0:31  Drone  
  14  0:34  Drone  
  17  0:47  Spawning Pool  
  16  0:52  Drone  
  17  0:57  Drone  
  18  1:14  Extractor, Hatchery  
  18  1:16  Drone  
  17  1:19  Drone  
  18  1:28  Drone  
  19  1:38  Queen  
  21  1:40  Drone  
  22  1:52  Overlord  
  22  1:55  Roach Warren  
  21  2:25  Queen  
  21  2:27  Overlord  
  21  2:28  Drone x3  
  26  2:33  Pneumatized Carapace  
  26  2:43  Overlord  
  26  2:44  Roach  
  26  2:49  Roach x2  
  32  2:54  Evolution Chamber  
  32  2:58  Roach  
  31  3:11  Drone x2  
  31  3:12  Drone x2  
  35  3:18  Drone  
  36  3:20  Drone  
  36  3:22  Drone  
  36  3:23  Drone  
  39  3:33  Drone x3  
  42  3:39  Lair  
  42  3:42  Extractor  
  42  3:43  Extractor, Drone x2  
  42  3:46  Drone  
  43  3:49  Drone  
  43  3:53  Drone x2  
  43  3:54  Drone  
  47  3:56  Drone  
  47  3:57  Drone  
  47  3:59  Drone  
  50  4:03  Drone  
  50  4:17  Overlord x2, Extractor, Drone x2  
  50  4:21  Roach  
  52  4:32  Overlord  
  52  4:37  Drone  
  52  4:38  Spire, Drone  
  53  4:40  Roach  
  55  4:47  Overlord  
  55  4:58  Hatchery  
  52  5:10  Overlord x2  
  52  5:18  Drone x3  
  52  5:19  Drone x4  
  59  5:26  Overseer  
  56  6:01  Drone x9  
  64  6:15  Mutalisk x8  
  82  6:20  Evolution Chamber  
  82  6:23  Evolution Chamber  
  80  6:26  Overlord  
  80  6:27  Drone x2  
  80  6:29  Drone  
  80  6:30  Extractor  
  80  6:32  Extractor  
  81  6:35  Drone x2  
  81  6:38  Drone x2  
  83  6:40  Hatchery  
  83  6:43  Queen, Drone x4  
  83  6:44  Drone x2  
  91  6:48  Drone  
  92  7:04  Roach  
  92  7:05  Roach x4  
  100  7:12  Roach  
  100  7:13  Roach x2  
  106  7:16  Overlord x3  
  104  7:24  Roach x2  
  104  7:28  Roach  
  104  7:29  Overlord  
  104  7:30  Overlord, Roach  
Tags
 
Add a new tag
Caveats
  • Supply blocks, unpowered buildings, or Contaminate may cause inaccurate times.
  • Supply counts are checked every 10 seconds.